 Dungeon Sprint DCSS version 0.23.0-3-gf3c87f2 (webtiles) character file.

Game seed: 16209703895852739249

524 nuthulu the Grappler (level 7, 0/76 HPs)
             Began as a Troll Monk on Feb 24, 2019.
             Was a Priest of Yredelemnul.
             Succumbed to a killer bee's poison
             ... in the Dungeon (Sprint IV: "Fedhas' Mad Dash").
             The game lasted 00:02:22 (341 turns).

nuthulu the Grappler (Troll Monk)                    Turns: 341, Time: 00:02:23

Health: 0/76       AC:  6    Str: 22    XL:     7   Next: 2%
Magic:  8/9        EV: 13    Int:  6    God:    Yredelemnul [***...]
Gold:   83         SH:  0    Dex: 12    Spells: 6/6 levels left

rFire    . . .     SeeInvis .     - Unarmed
rCold    . . .     Gourm    +   (no shield)
rNeg     . . .     Faith    .   a - +0 robe
rPois    .         Spirit   .   (helmet restricted)
rElec    .         Reflect  .   (no cloak)
rCorr    .         Harm     .   (gloves unavailable)
MR       .....     NoTele   +   (boots unavailable)
Stlth    ++........             d - amulet of invisibility {+Inv}
HPRegen  0.62/turn              (no ring)
MPRegen  0.11/turn              (no ring)

@: lethally poisoned (0 -> -1), berserk cooldown, very slightly contaminated,
slowed, invisible, very slow
A: large, unfitting armour, claws 3, fast metabolism 3, gourmand, regeneration
1, shaggy fur 1, tough skin 3
a: Recall Undead Slaves, Injury Mirror, Animate Dead, Renounce Religion


You were in the Dungeon.
You worshipped Yredelemnul.
Yredelemnul was most pleased with you.
You were not hungry.

You visited 1 branch You collected 83 gold pieces.

Inventory:

Armour
 a - a +0 robe (worn)
Jewellery
 d - the amulet of invisibility (around neck) {+Inv}
   (You found it in the Dungeon)

   [amulet of nothing]

   It lets you turn invisible.
Scrolls
 h - a scroll of blinking
Potions
 f - 2 potions of magic
Comestibles
 b - 2 rations


   Skills:
 + Level 6.9 Fighting
 + Level 7.0 Dodging
 - Level 1.3 Stealth
 + Level 8.8 Unarmed Combat
 + Level 4.3 Evocations


You had 6 spell levels left.
You didn't know any spells.
Your spell library was empty.

Dungeon Overview and Level Annotations

Branches:
Dungeon (1/1)

Altars:
Cheibriados
Dithmenos
Elyvilon
Gozag
Hepliaklqana
Kikubaaqudgha
Makhleb
Nemelex Xobeh
Okawaru
Qazlal
Ru
Sif Muna
Trog
Uskayaw
Vehumet
Wu Jian
Xom
Yredelemnul
Zin
The Shining One
Beogh
Jiyva
Lugonu


Innate Abilities, Weirdness & Mutations

You are too large for most types of armour.
You have claws for hands.
Your metabolism is lightning-fast.
You like to eat raw meat.
Your natural rate of healing is unusually fast.
You are covered in fur. (AC +1)
You have extremely tough skin. (AC +3)


Message History

Okay, then.
Okay, then.
It was a potion of invisibility.
You fade into invisibility!
* * * LOW HITPOINT WARNING * * *
You feel sick.
Unknown command.
* * * LOW HITPOINT WARNING * * *
You feel sick.
Unknown command.
There is a lethal amount of poison in your body!
Unknown command.
* * * LOW HITPOINT WARNING * * *
You feel sick.
Okay, then.
* * * LOW HITPOINT WARNING * * *
You feel sick.
Unknown command.
You die...
Your body rises from the dead as a mindless zombie.

#######################
#<..P#.....#.....#.⌠._.
#PP..'.†...+.#...'.._._
#PPPP#.....#.#...#..._.
###############'##.._._
#...♣.zz.....'...#._._.
#%....@♣.....#...######
#.....♣..♣..######
##+####+#####


You could see 2 friendly flying skulls.

Vanquished Creatures
  A queen bee (D)
  4 killer bees (D)
  3 oklob saplings (D)
  A worker ant (D)
  A river rat (D)
  A rat (D)
11 creatures vanquished.

Notes
Turn   | Place    | Note
-------+----------+-------------------------------------------
     0 | D        | nuthulu the Troll Monk began the quest for the Orb.
     0 | D        | Reached XP level 1. HP: 22/22 MP: 0/0
    10 | D        | Reached XP level 2. HP: 22/31 MP: 1/1
    33 | D        | Noticed an oklob sapling
    49 | D        | Killed an oklob sapling
    49 | D        | Reached skill level 4 in Unarmed Combat
    49 | D        | Reached XP level 3. HP: 16/39 MP: 2/2
    93 | D        | Found the amulet of invisibility {+Inv}
    98 | D        | Reached skill level 5 in Unarmed Combat
   125 | D        | Found an opulent altar of Gozag.
   125 | D        | Found a hazy altar of Hepliaklqana.
   125 | D        | Found a burning altar of Makhleb.
   125 | D        | Found a roughly hewn altar of Beogh.
   125 | D        | Found a sparkling altar of Nemelex Xobeh.
   125 | D        | Found a snail-covered altar of Cheibriados.
   125 | D        | Found a sacrificial altar of Ru.
   125 | D        | Found a deep blue altar of Sif Muna.
   125 | D        | Found a shimmering altar of Xom.
   125 | D        | Found a basalt altar of Yredelemnul.
   126 | D        | Found a viscous altar of Jiyva.
   126 | D        | Found a bloodstained altar of Trog.
   126 | D        | Found an ornate altar of the Wu Jian Council.
   126 | D        | Noticed an oklob sapling priest
   127 | D        | Found an iron altar of Okawaru.
   127 | D        | Found a shadowy altar of Dithmenos.
   127 | D        | Found a glowing silver altar of Zin.
   128 | D        | Found an ancient bone altar of Kikubaaqudgha.
   128 | D        | Found a hide-covered altar of Uskayaw.
   129 | D        | Found a stormy altar of Qazlal.
   129 | D        | Found a white marble altar of Elyvilon.
   129 | D        | Found a glowing golden altar of the Shining One.
   130 | D        | Found a corrupted altar of Lugonu.
   130 | D        | Found a radiant altar of Vehumet.
   137 | D        | Killed an oklob sapling priest
   137 | D        | Reached skill level 6 in Unarmed Combat
   137 | D        | Reached XP level 4. HP: 17/49 MP: 1/3
   195 | D        | Became a worshipper of Yredelemnul the Dark
   195 | D        | Reached * piety under Yredelemnul
   195 | D        | Reached ** piety under Yredelemnul
   212 | D        | Reached skill level 5 in Fighting
   212 | D        | Reached skill level 5 in Dodging
   212 | D        | Reached XP level 5. HP: 57/57 MP: 1/4
   226 | D        | Noticed a queen bee
   254 | D        | Killed a queen bee
   254 | D        | Reached skill level 8 in Unarmed Combat
   254 | D        | Reached XP level 6. HP: 43/68 MP: 4/7
   327 | D        | Reached *** piety under Yredelemnul
   331 | D        | Reached XP level 7. HP: 13/76 MP: 7/9
   331 | D        | Received a gift from Yredelemnul (2 flying skulls)
   337 | D        | HP: 3/76 [poisoned by a killer bee]
   339 | D        | HP: 1/76 [poisoned by a killer bee]
   341 | D        | Succumbed to a killer bee's poison

Skill      XL: |  1  2  3  4  5  6 |
---------------+-------------------+-----
Fighting       | 3 4 5 6 |  6.9
Dodging        | 3 4 5 6 7 |  7.0
Unarmed Combat | 4 6 8 |  8.8
Evocations     | 3 4 |  4.3
Stealth        | |  1.3

Action                   |  1- 3 |  4- 6 |  7- 9 || total
-------------------------+-------+-------+-------++-------
Melee: Unarmed           |    30 |    26 |       ||    56
 Abil: Evoke Invisibilit |     1 |     1 |       ||     2
  Use: Potion            |     1 |     3 |     1 ||     5
 Stab: Sleeping          |     1 |     1 |       ||     2
       Invisible         |     1 |       |       ||     1
  Eat: Chunk             |       |     1 |       ||     1
       Ration            |       |       |     1 ||     1
Armor: Robe              |     3 |     3 |       ||     6
Dodge: Dodged            |    10 |    12 |       ||    22
